[Event "Team 45 45 League T36"]
[Site "Internet Chess Club"]
[Date "2008.02.23"]
[Round "5"]
[White "alexthegr8"]
[Black "Tomate"]
[Result "1/2-1/2"]
[WhiteElo "1430"]
[BlackElo "1443"]
[Opening "King's Indian: fianchetto without c4"]
[ECO "A49"]
[Time "21:59:53"]
[TimeControl "2700+45"]

1. d4 Nf6 2. Nf3 g6 3. g3 Bg7 4. Bg2 d6 5. O-O Nc6 6. d5 Nb8 7. Bg5 c6 8. Bxf6
Bxf6 9. Nc3 cxd5 10. Qxd5 O-O 11. Rab1 Nc6 12. Ne4 Bg7 13. a3 Rb8 14. Rfd1 Bf5
15. Nfd2 Qb6 16. Nc4 Qd8 17. Rd2 Ne5 18. Nxe5 Bxe5 19. Nc3 Qb6 20. Qb3 Qc7 21.
Nd5 Qd7 22. Rc1 Bg7 23. c3 Bh6 24. e3 Rfe8 25. Qd1 Bg4 26. Bf3 Bh3 27. Bg2 Bg4
28. Bf3 Bh3 29. Bg2 Bg4 30. Bf3 {Game drawn by repetition} 1/2-1/2

[Event "Team 45 45 League T36"]
[Site "Internet Chess Club"]
[Date "2008.02.26"]
[Round "5"]
[White "bjc"]
[Black "Chess2Play"]
[Result "1/2-1/2"]
[WhiteElo "1386"]
[BlackElo "1598"]
[Opening "Sicilian defense"]
[ECO "B34"]
[Time "22:55:36"]
[TimeControl "2700+45"]

1. e4 c5 2. Nf3 Nc6 3. d4 cxd4 4. Nxd4 g6 5. Be3 Bg7 6. Nc3 Nf6 7. Qd2 Ng4 8.
Nxc6 bxc6 9. Bd4 O-O 10. Be2 d6 11. h3 Ne5 12. Be3 Re8 13. Bh6 Bh8 14. f4 Nd7
15. f5 e6 16. O-O-O exf5 17. exf5 Qf6 18. fxg6 fxg6 19. Qxd6 Qxd6 20. Rxd6 Nb6
21. Re1 Bxc3 22. bxc3 Ba6 23. Kd1 Nc4 24. Bxc4+ Bxc4 25. Rxe8+ Rxe8 26. Rxc6
Bxa2 27. Rf6 Rd8+ 28. Kc1 Bd5 29. g3 Ra8 30. Kb2 a5 31. Ka3 Be4 32. Rf2 Bd5 33.
Ka4 Bc6+ 34. Ka3 Bd5 35. Rf4 Bf7 36. c4 Rc8 37. Kb3 a4+ 38. Kxa4 Rxc4+ 39. Rxc4
Bxc4 40. Kb4 Be6 41. c4 Kf7 42. Kb5 Ke7 43. c5 Kd7 44. h4 Bd5 45. Bf4 {Game
drawn by mutual agreement} 1/2-1/2

[Event "Team 45 45 League T36"]
[Site "Internet Chess Club"]
[Date "2008.02.24"]
[Round "5"]
[White "NaoXidnan"]
[Black "mkrump"]
[Result "1-0"]
[WhiteElo "1612"]
[BlackElo "1467"]
[Opening "King's Indian defense, 3.Nc3"]
[ECO "E61"]
[Time "11:28:51"]
[TimeControl "2700+45"]

1. d4 Nf6 2. c4 g6 3. Nc3 Bg7 4. Bg5 O-O 5. Qd2 Re8 6. Nf3 d6 7. e3 c5 8. Rd1
Nc6 9. dxc5 dxc5 10. Qxd8 Rxd8 11. Rxd8+ Nxd8 12. Bxf6 exf6 13. Nd5 Nc6 14. g3
f5 15. b3 Be6 16. Bg2 Bxd5 17. cxd5 Nb4 18. O-O Nxd5 19. Nd2 Rd8 20. Nc4 b6 21.
Rd1 b5 22. Na3 c4 23. Bxd5 Kf8 24. bxc4 b4 25. Nb5 a5 26. a3 b3 27. Rb1 a4 28.
Nd4 Kg8 29. Bc6 Bxd4 30. exd4 Rxd4 31. Bxa4 Rxc4 32. Bxb3 Rc3 33. a4 Kf8 34. a5
Ke8 35. a6 Rc7 36. Bd5 Ra7 37. Bc4 Ke7 38. Rb7+ Rxb7 39. axb7 {Black resigns}
1-0

[Event "Team 45 45 League T36"]
[Site "Internet Chess Club"]
[Date "2008.02.23"]
[Round "5"]
[White "ckak0202"]
[Black "Toalla"]
[Result "0-1"]
[WhiteElo "1247"]
[BlackElo "1187"]
[Opening "Pirc defense"]
[ECO "B07"]
[Time "10:15:23"]
[TimeControl "2700+45"]

1. e4 d6 2. d4 Nf6 3. Nc3 g6 4. Bf4 Bg7 5. Nf3 Bg4 6. h3 Bxf3 7. Qxf3 c6 8.
O-O-O Qc7 9. Qe3 Nbd7 10. Bc4 O-O 11. g4 e5 12. Bh6 Bxh6 13. Qxh6 Nxe4 14. Nxe4
d5 15. Ng5 Nf6 16. Bb3 e4 17. h4 Qf4+ 18. Kb1 Qxg4 19. Rdg1 Qh5 20. Qxh5 Nxh5
21. c3 Rae8 22. Bd1 Ng7 23. h5 h6 24. Nh3 Re6 25. hxg6 Rxg6 26. Rxg6 fxg6 27.
Ng1 Nf5 28. Bg4 Kg7 29. Bxf5 Rxf5 30. Rh2 h5 31. Ne2 Rf3 32. Ng1 Rf5 33. Rg2 Kh7
34. Nh3 Kg7 35. Ng5 Rf6 36. Nh3 Kh7 37. Ng5+ Kg7 38. Nh3 Kh6 39. Kc2 b5 40. b3
a5 41. b4 a4 42. a3 Rf5 43. Kd2 Kg7 44. Ke3 Rf3+ 45. Ke2 Rxh3 46. Rg5 Rxc3 47.
Re5 h4 48. Re7+ Kh6 49. Rc7 h3 50. Kf1 Rc1+ 51. Ke2 h2 52. Rc8 Re1+ 53. Kxe1
h1=Q+ 54. Ke2 Qf3+ 55. Kf1 Qxa3 56. Rh8+ Kg5 57. Rh2 Qxb4 58. Rg2+ Kf6 59. Rg4
{White resigns} 0-1

[Event "Team 45 45 League T36"]
[Site "Internet Chess Club"]
[Date "2008.02.24"]
[Round "5"]
[White "cityprosecutor"]
[Black "Warpdrive"]
[Result "1-0"]
[WhiteElo "1770"]
[BlackElo "1624"]
[Opening "Alekhine's defense: exchange variation"]
[ECO "B02"]
[Time "20:06:30"]
[TimeControl "2700+45"]

1. e4 Nf6 2. e5 Nd5 3. c4 Nb6 4. d4 d6 5. exd6 exd6 6. Nc3 Be7 7. Bd3 c6 8. Nge2
O-O 9. O-O Bg4 10. f3 Bh5 11. Nf4 Bg6 12. Nxg6 fxg6 13. Be3 d5 14. c5 N6d7 15.
Re1 b5 16. Ne2 Na6 17. Nf4 Nc7 18. Qe2 Bg5 19. Nh3 Bxe3+ 20. Qxe3 Qf6 21. Qf2
Rae8 22. Re2 Rxe2 23. Bxe2 Ne6 24. Rd1 Re8 25. Kf1 Nf4 26. Nxf4 Qxf4 27. g3 Qf6
28. Re1 Nf8 29. f4 Re4 30. Bg4 Rxe1+ 31. Kxe1 Qe7+ 32. Kd2 Qe8 33. Qe3 Kf7 34.
Qe5 Qxe5 35. fxe5 Ne6 36. Kd3 Ke7 37. Bxe6 Kxe6 38. a4 a6 39. axb5 axb5 40. Kc3
g5 41. Kb4 g4 42. Ka5 h5 43. Kb6 Kd7 44. e6+ Kxe6 45. Kxc6 {Black resigns} 1-0

[Event "Team 45 45 League T36"]
[Site "Internet Chess Club"]
[Date "2008.02.21"]
[Round "5"]
[White "NESKAYA"]
[Black "mickeys"]
[Result "0-1"]
[WhiteElo "1692"]
[BlackElo "1743"]
[Opening "French defense"]
[ECO "C00"]
[Time "19:01:19"]
[TimeControl "2700+45"]

1. e4 e6 2. Nf3 d5 3. c3 dxe4 4. Qa4+ Nc6 5. Qxe4 Nf6 6. Qc2 Qd5 7. d4 e5 8. c4
Nxd4 9. Nxd4 Qxd4 10. Be3 Qe4 11. Qxe4 Nxe4 12. Bd3 Bb4+ 13. Bd2 Nxd2 14. Nxd2
Be6 15. a3 Be7 16. Be4 O-O-O 17. O-O-O Bg5 18. b3 f5 19. Bf3 Rd4 20. Kc2 Rhd8
21. Nb1 Rf4 22. Rxd8+ Bxd8 23. Nd2 e4 24. Be2 Rxf2 25. Kd1 Rxg2 26. Nf1 f4 27.
Nd2 Bf5 28. Bf1 Rg6 29. h4 Bf6 30. Bh3 Bxh3 31. Rxh3 Rg1+ 32. Ke2 Rg2+ 33. Ke1
e3 34. Ne4 Bxh4+ 35. Rxh4 f3 36. Rh1 Ra2 37. Nc3 f2+ 38. Kf1 Ra1+ {White
resigns} 0-1

[Event "Team 45 45 League T36"]
[Site "Internet Chess Club"]
[Date "2008.02.24"]
[Round "5"]
[White "ChessChamp"]
[Black "MarcoDeSade"]
[Result "0-1"]
[WhiteElo "1538"]
[BlackElo "1486"]
[Opening "French: Swiss variation"]
[ECO "C11"]
[Time "10:02:59"]
[TimeControl "2700+45"]

1. e4 e6 2. d4 d5 3. Nc3 Nf6 4. Bd3 dxe4 5. Nxe4 Be7 6. Bg5 O-O 7. Nf3 Nbd7 8.
Qd2 Nxe4 9. Bxe4 Bxg5 10. Nxg5 f5 11. Nxe6 Qe7 12. Bd5 Nb6 13. Bb3 Bxe6 14. Qe2
Rfe8 15. O-O-O Bxb3 16. Qxe7 Rxe7 17. cxb3 Rd8 18. Rd3 Red7 19. Rhd1 c5 20. Rf3
g6 21. Rfd3 Rxd4 22. Rxd4 Rxd4 23. Rxd4 cxd4 24. Kd2 Nd5 25. Kd3 Nb4+ 26. Kxd4
Nxa2 27. Kc4 Kf7 28. Kd3 Ke6 29. Kc4 Kd6 30. b4 Nc1 31. g3 a6 32. b5 a5 33. Kc3
b6 34. Kc4 Na2 35. h4 h6 36. Kb3 Nb4 37. Kc4 Nd5 38. Kd4 Nc7 39. Kc4 Ke5 40. b4
a4 41. f3 g5 42. h5 Nxb5 43. g4 Nd6+ 44. Kc3 b5 45. Kb2 fxg4 46. fxg4 Kf4 {White
resigns} 0-1

[Event "Team 45 45 League T36"]
[Site "Internet Chess Club"]
[Date "2008.02.26"]
[Round "5"]
[White "philbyninety"]
[Black "theartist"]
[Result "1-0"]
[WhiteElo "1357"]
[BlackElo "1130"]
[Opening "Sicilian: Najdorf"]
[ECO "B90"]
[Time "21:30:54"]
[TimeControl "2700+45"]

1. e4 c5 2. Nf3 d6 3. d4 cxd4 4. Nxd4 Nf6 5. Nc3 a6 6. f3 e5 7. Nb3 Be7 8. Be3
Be6 9. Qd2 Qc7 10. O-O-O Nbd7 11. Kb1 b5 12. Be2 Rc8 13. g4 h6 14. h4 Nc5 15.
Nxc5 dxc5 16. Rdg1 Nh7 17. g5 h5 18. g6 Nf6 19. gxf7+ Kxf7 20. Rg2 Rcg8 21. Rg3
Qd6 22. Qc1 Bf8 23. f4 g6 24. Rg5 Ng4 25. fxe5 Nxe5 26. Rf1+ Ke7 27. Bf4 Bf5 28.
exf5 gxf5 29. Rxf5 Ke6 30. Rxe5+ Kd7 31. Rd5 {Black resigns} 1-0

[Event "Team 45 45 League T36"]
[Site "Internet Chess Club"]
[Date "2008.02.23"]
[Round "5"]
[White "dscvdchk"]
[Black "gagdad"]
[Result "1/2-1/2"]
[WhiteElo "1527"]
[BlackElo "1666"]
[Opening "Dutch: Leningrad, main variation"]
[ECO "A87"]
[Time "21:08:53"]
[TimeControl "2700+45"]

1. d4 f5 2. g3 Nf6 3. c4 g6 4. Bg2 Bg7 5. Nf3 d6 6. Nc3 O-O 7. O-O Qe8 8. Qc2 e5
9. e4 exd4 10. Nxd4 Nxe4 11. Ndb5 Na6 12. Nxe4 fxe4 13. Qxe4 Qxe4 14. Bxe4 Nc5
15. Bd5+ Kh8 16. Nxc7 Bh3 17. Nxa8 Bxf1 18. Kxf1 Rxa8 19. Rb1 Re8 20. Bf4 Rd8
21. Bg5 Rd7 22. b3 Nd3 23. Rd1 Nb4 24. Re1 h6 25. Re8+ Kh7 26. Bg8+ Kh8 27. Be6+
Bf8 28. Bxh6 Re7 29. Rxf8+ Kh7 30. Rf7+ Rxf7 31. Bxf7 Kxh6 32. a3 Nc2 33. a4 Nd4
34. c5 dxc5 35. h4 a6 36. Ke1 b5 37. axb5 axb5 38. Kd2 Kg7 39. Bd5 Kf6 40. f4
Kf5 41. Ke3 Nc2+ 42. Kf3 Na3 43. g4+ Kf6 44. Ke4 Nc2 45. g5+ Kg7 46. Bc6 Nd4 47.
Bd5 Nf5 48. Bc6 c4 49. bxc4 bxc4 50. h5 Ng3+ 51. Ke5 Nxh5 52. f5 gxf5 53. Kxf5
c3 54. Ba4 Ng3+ 55. Kg4 Ne2 56. Kf5 Nd4+ 57. Ke4 c2 58. Bxc2 Nxc2 59. Kf5 Nd4+
60. Kg4 Nc2 61. Kf5 Na3 62. g6 Nb1 63. Kg5 Na3 64. Kf5 Nc2 65. Kg5 Na1 66. Kf5
Nb3 67. Kg5 Nc1 68. Kf5 Ne2 69. Kg5 Nc1 70. Kf5 Nb3 71. Kg5 Nc1 72. Kf5 Na2 73.
Kg5 Nc3 74. Kf5 Nb1 75. Kg5 Na3 76. Kf5 Nb5 77. Kg5 Na7 78. Kf5 Nc8 79. Kg5 Nb6
80. Kf5 Nc4 81. Kg5 Nd2 82. Kh5 Nf1 83. Kg5 Nd2 84. Kf5 Nb1 85. Kg5 Na3 {Game
drawn by repetition} 1/2-1/2

[Event "Team 45 45 League T36"]
[Site "Internet Chess Club"]
[Date "2008.02.24"]
[Round "5"]
[White "gtm"]
[Black "jazzyrick"]
[Result "1-0"]
[WhiteElo "1557"]
[BlackElo "1528"]
[Opening "Sicilian: closed"]
[ECO "B23"]
[Time "15:06:15"]
[TimeControl "2700+45"]

1. e4 c5 2. Nc3 d6 3. f4 Nf6 4. Nf3 Bg4 5. Be2 Nc6 6. O-O e6 7. d4 Bxf3 8. Bxf3
Nxd4 9. Be3 Nxf3+ 10. Qxf3 b6 11. e5 dxe5 12. fxe5 Nd7 13. Qxf7# {Black
checkmated} 1-0

[Event "Team 45 45 League T36"]
[Site "Internet Chess Club"]
[Date "2008.02.24"]
[Round "5"]
[White "SoaringEagle"]
[Black "Fogbound"]
[Result "0-1"]
[WhiteElo "1466"]
[BlackElo "1371"]
[Opening "Queen's pawn: Lundin (Kevitz-Mikenas) defense"]
[ECO "A40"]
[Time "10:54:06"]
[TimeControl "2700+45"]

1. d4 Nc6 2. Nf3 g6 3. Bg5 Bg7 4. e3 h6 5. Bf4 d6 6. Nbd2 Nf6 7. c3 Nh5 8. Bb5
Bd7 9. d5 Nb8 10. Qa4 Nxf4 11. Bxd7+ Nxd7 12. Qxf4 Nc5 13. Qc4 a6 14. Ne4 b5 15.
Qe2 Nxe4 16. O-O Qd7 17. Qd3 Nc5 18. Qe2 Rb8 19. Rab1 Ne4 20. Rfc1 Qf5 21. Nh4
Qf6 22. Nf3 h5 23. Qd3 Nc5 24. b4 Nxd3 {White resigns} 0-1

[Event "Team 45 45 League T36"]
[Site "Internet Chess Club"]
[Date "2008.02.22"]
[Round "5"]
[White "b-spot"]
[Black "nursey"]
[Result "0-1"]
[WhiteElo "1727"]
[BlackElo "1714"]
[Opening "QGA: 4...e6"]
[ECO "D26"]
[Time "18:06:22"]
[TimeControl "2700+45"]

1. d4 d5 2. c4 dxc4 3. Nf3 Nf6 4. e3 e6 5. Bxc4 Nbd7 6. O-O Bd6 7. Nc3 O-O 8.
Qc2 Nb6 9. Bd3 Bd7 10. e4 Bb4 11. Bg5 Bc6 12. e5 h6 13. Bh4 Bxf3 14. exf6 Qxd4
15. fxg7 Qxg7 16. Bg3 Bc6 17. Ne2 Rad8 18. f3 Nd5 19. Bf2 a5 20. a3 Bd6 21. Rfe1
Be5 22. Rab1 Bf6 23. Ng3 Nf4 24. Be4 Bxe4 25. Qxe4 Nd3 26. Nh5 Nxf2 27. Nxf6+
Qxf6 28. Kxf2 Rd2+ 29. Re2 Rfd8 30. Qg4+ Kh8 31. Ke1 Rxe2+ 32. Kxe2 Qe5+ 33. Qe4
Qxh2 34. f4 Qg3 35. Rh1 Kg7 36. Qe5+ Kf8 37. Qc5+ Ke8 38. Qb5+ c6 39. Qh5 Qxg2+
40. Ke3 Qd2+ 41. Kf3 Rd3+ 42. Kg4 Qg2+ {White resigns} 0-1

[Event "Team 45 45 League T36"]
[Site "Internet Chess Club"]
[Date "2008.02.22"]
[Round "5"]
[White "rayonline53"]
[Black "tammany"]
[Result "0-1"]
[WhiteElo "1618"]
[BlackElo "1618"]
[Opening "Alekhine's defense: Scandinavian variation"]
[ECO "B02"]
[Time "19:00:54"]
[TimeControl "2700+45"]

1. e4 Nf6 2. Nc3 d5 3. exd5 Nxd5 4. Bc4 c6 5. Qf3 e6 6. Nge2 Nd7 7. O-O N7f6 8.
a3 a5 9. d3 h6 10. Bd2 Bd6 11. Ne4 Nxe4 12. Qxe4 b5 13. Bb3 Bb7 14. Qg4 Qf6 15.
Nc3 Qe5 16. f4 Qd4+ 17. Kh1 h5 18. Qf3 h4 19. Nxd5 cxd5 20. Bc3 Qb6 21. Qg4 h3
22. d4 hxg2+ 23. Qxg2 O-O-O 24. Qxg7 b4 25. axb4 axb4 26. Qxf7 bxc3 27. Qxe6+
Kb8 28. bxc3 Rxh2+ 29. Kxh2 Bxf4+ 30. Rxf4 Qxe6 31. Raf1 Rh8+ 32. Kg3 Qh3+ 33.
Kf2 Qxc3 34. Ke2 Rh2+ 35. Kd1 Qa1# {White checkmated} 0-1

[Event "Team 45 45 League T36"]
[Site "Internet Chess Club"]
[Date "2008.02.23"]
[Round "5"]
[White "dougmo"]
[Black "vaknight"]
[Result "0-1"]
[WhiteElo "1557"]
[BlackElo "1559"]
[Opening "Sicilian: closed"]
[ECO "B23"]
[Time "14:01:31"]
[TimeControl "2700+45"]

1. e4 c5 2. Nc3 d6 3. f4 Nc6 4. Nf3 e6 5. Bb5 Bd7 6. O-O a6 7. Bxc6 Bxc6 8. d4
cxd4 9. Nxd4 Qc7 10. f5 e5 11. Nf3 Nf6 12. Nd5 Bxd5 13. exd5 Qc5+ 14. Kh1 Nxd5
15. Qe2 Be7 16. c4 Nf6 17. Be3 Qc6 18. Bg5 O-O 19. Rac1 h6 20. Bxf6 Bxf6 21. Nd2
Bg5 22. Rc2 Rfe8 23. Ne4 d5 24. Nxg5 hxg5 25. cxd5 Qxd5 26. Qh5 f6 27. Rc3 Qf7
28. Qf3 Rad8 29. a3 Re7 30. Rfc1 Red7 31. h3 Qe7 32. Kh2 e4 33. Qg3 Rd3 34. Rxd3
exd3 35. Rd1 Qe5 36. Qxe5 fxe5 37. Kg3 e4 38. Kf2 Kf7 39. Ke3 Re8 40. Rc1 b5 41.
b4 Kf6 42. g4 Ke5 43. Rc5+ Kd6 44. Rc1 Re7 45. Rc8 Rc7 46. Re8 Rc4 47. Re6+ Kd5
48. Rg6 Rc2 49. Rxg5 Ke5 50. f6+ Kxf6 51. Rf5+ Ke6 52. Kxe4 d2 53. Re5+ Kf6 54.
Rf5+ Kg6 {White resigns} 0-1

[Event "Team 45 45 League T36"]
[Site "Internet Chess Club"]
[Date "2008.02.24"]
[Round "5"]
[White "NXS"]
[Black "fibin"]
[Result "0-1"]
[WhiteElo "1418"]
[BlackElo "1525"]
[Opening "Queen's pawn game, Chigorin variation"]
[ECO "A04"]
[Time "12:01:26"]
[TimeControl "2700+45"]

1. Nf3 Nc6 2. d4 d5 3. e3 e6 4. c4 Nf6 5. Nc3 Bb4 6. a3 Bxc3+ 7. bxc3 O-O 8.
cxd5 Nxd5 9. Qc2 Re8 10. Bd3 Nf6 11. h3 e5 12. dxe5 Nxe5 13. Nxe5 Rxe5 14. O-O
Bxh3 15. Rd1 Qc8 16. Be2 Bxg2 17. Kxg2 Rg5+ 18. Kf1 Qh3+ 19. Ke1 Rg1+ 20. Kd2
Rd8+ 21. Bd3 Ne4+ 22. Ke2 Qg4+ 23. f3 Qg2# {White checkmated} 0-1

[Event "Team 45 45 League T36"]
[Site "Internet Chess Club"]
[Date "2008.02.21"]
[Round "5"]
[White "Knight77"]
[Black "John3v16"]
[Result "1-0"]
[WhiteElo "1908"]
[BlackElo "1826"]
[Opening "Réti: King's Indian attack"]
[ECO "A08"]
[Time "04:32:45"]
[TimeControl "2700+45"]

1. Nf3 c5 2. g3 d5 3. Bg2 Nc6 4. d3 Nf6 5. O-O e5 6. e4 d4 7. Nbd2 Bd6 8. Re1
Rb8 9. Nf1 Bg4 10. h3 Bh5 11. g4 Bg6 12. Ng3 O-O 13. Bd2 b5 14. Nh4 h6 15. Nhf5
Bc7 16. h4 Bxf5 17. exf5 Ne7 18. g5 hxg5 19. hxg5 Nh7 20. Qg4 Qd7 21. Be4 g6 22.
Qh3 f6 23. Kg2 Nxg5 24. Bxg5 fxg5 25. Rh1 Kg7 26. Qh7+ Kf6 27. Rh6 g4 28. fxg6
Kg5 29. g7 Rg8 30. Rg6+ Nxg6 31. Qxg6+ Kf4 32. Ne2# {Black checkmated} 1-0

[Event "Team 45 45 League T36"]
[Site "Internet Chess Club"]
[Date "2008.02.23"]
[Round "5"]
[White "hewdondada"]
[Black "kabindra"]
[Result "1-0"]
[WhiteElo "1854"]
[BlackElo "1750"]
[Opening "QGA: 4...e6"]
[ECO "D26"]
[Time "15:00:54"]
[TimeControl "2700+45"]

1. d4 d5 2. c4 dxc4 3. Nf3 Nf6 4. e3 e6 5. Bxc4 Be7 6. O-O O-O 7. Nc3 c5 8. Re1
cxd4 9. exd4 a6 10. Bf4 b5 11. Bd3 Bb7 12. Rc1 Nc6 13. Ne4 Nxd4 14. Be5 Nxf3+
15. Qxf3 Nxe4 16. Bxe4 Bxe4 17. Qxe4 Bf6 18. Red1 Qe7 19. Bd6 Qe8 20. Bxf8 Qxf8
21. Rd7 Bxb2 22. Rcc7 Rd8 23. Qc6 Bf6 24. Rxd8 Bxd8 25. Rc8 g6 26. Qa8 Qb4 27.
Rxd8+ Kg7 28. Rg8+ Kh6 29. Qf8+ {Black resigns} 1-0

[Event "Team 45 45 League T36"]
[Site "Internet Chess Club"]
[Date "2008.02.25"]
[Round "5"]
[White "jaybird"]
[Black "ExpertLevel"]
[Result "1/2-1/2"]
[WhiteElo "1712"]
[BlackElo "1773"]
[Opening "King's Indian: 4.e4"]
[ECO "E70"]
[Time "20:32:49"]
[TimeControl "2700+45"]

1. d4 Nf6 2. c4 g6 3. Nc3 Bg7 4. e4 d6 5. Bd3 e5 6. dxe5 dxe5 7. Nd5 c6 8. Nxf6+
Qxf6 9. Ne2 O-O 10. O-O Nd7 11. Be3 Rd8 12. b4 Qe7 13. Qb3 c5 14. a3 b6 15. Rad1
Bf8 16. Rb1 Bb7 17. Nc3 Rac8 18. Nd5 Bxd5 19. cxd5 cxb4 20. axb4 Nf6 21. f3 Nh5
22. Rfc1 Nf4 23. Bxf4 exf4 24. Rc4 Rxc4 25. Qxc4 a5 26. bxa5 bxa5 27. Qa4 Qe5
28. Rd1 Bc5+ 29. Kh1 Bb4 30. Bb5 g5 31. h3 f5 32. Qc2 g4 33. exf5 gxh3 34. gxh3
Kh8 35. Qe4 Bc3 36. Qxe5+ Bxe5 37. Re1 Bd4 38. Re8+ Rxe8 39. Bxe8 {Game drawn by
mutual agreement} 1/2-1/2

[Event "Team 45 45 League T36"]
[Site "Internet Chess Club"]
[Date "2008.02.23"]
[Round "5"]
[White "Marichan"]
[Black "Badu"]
[Result "1/2-1/2"]
[WhiteElo "1797"]
[BlackElo "1974"]
[Opening "Caro-Kann: classical, 6.h4"]
[ECO "B18"]
[Time "14:01:00"]
[TimeControl "2700+45"]

1. e4 c6 2. d4 d5 3. Nc3 dxe4 4. Nxe4 Bf5 5. Ng3 Bg6 6. h4 h6 7. h5 Bh7 8. Bd3
Bxd3 9. Qxd3 Nf6 10. Nf3 Nbd7 11. Bd2 e6 12. O-O-O Qc7 13. Rhe1 O-O-O 14. Qe2 c5
15. dxc5 Bxc5 16. Bc3 Rhe8 17. Ne5 Nd5 18. Bd2 Nxe5 19. Qxe5 Qxe5 20. Rxe5 Bxf2
{Game drawn by mutual agreement} 1/2-1/2

[Event "Team 45 45 League T36"]
[Site "Internet Chess Club"]
[Date "2008.02.22"]
[Round "5"]
[White "cayo89"]
[Black "A-Ru"]
[Result "0-1"]
[WhiteElo "1806"]
[BlackElo "1856"]
[Opening "French: Tarrasch, closed variation"]
[ECO "C05"]
[Time "20:07:22"]
[TimeControl "2700+45"]

1. e4 e6 2. d4 d5 3. Nd2 Nf6 4. e5 Nfd7 5. Bd3 c5 6. c3 Nc6 7. Ne2 Qb6 8. Nf3
cxd4 9. cxd4 f6 10. exf6 Nxf6 11. a3 Bd6 12. b4 O-O 13. O-O e5 14. dxe5 Nxe5 15.
Nxe5 Bxe5 16. Be3 Qc7 17. Rc1 Bxh2+ 18. Kh1 Qe5 19. g3 Bg4 20. Kg2 Ne4 {White
resigns} 0-1

[Event "Team 45 45 League T36"]
[Site "Internet Chess Club"]
[Date "2008.02.23"]
[Round "5"]
[White "Kingofknights"]
[Black "Kittle"]
[Result "1-0"]
[WhiteElo "1715"]
[BlackElo "1654"]
[Opening "QGD: semi-Slav, Marshall gambit"]
[ECO "D31"]
[Time "09:01:25"]
[TimeControl "2700+45"]

1. d4 e6 2. c4 d5 3. Nc3 c6 4. e4 dxe4 5. Nxe4 Bb4+ 6. Bd2 Qxd4 7. Bxb4 Qxe4+ 8.
Be2 Nf6 9. Qd6 Ng8 10. Qf8+ Kd7 11. Rd1+ Kc7 12. Qd8# {Black checkmated} 1-0

[Event "Team 45 45 League T36"]
[Site "Internet Chess Club"]
[Date "2008.02.21"]
[Round "5"]
[White "smsxman"]
[Black "Ernie1"]
[Result "0-1"]
[WhiteElo "1535"]
[BlackElo "1657"]
[Opening "Caro-Kann defense"]
[ECO "B10"]
[Time "22:04:30"]
[TimeControl "2700+45"]

1. e4 c6 2. Nf3 d5 3. exd5 cxd5 4. d4 Nf6 5. Bg5 Ne4 6. Be2 Nxg5 7. Nxg5 h6 8.
Nxf7 Kxf7 9. Bh5+ g6 10. Qf3+ Kg7 11. Bg4 Bxg4 12. Qxg4 Qd7 13. Qe2 Nc6 14. Nc3
Re8 15. O-O e5 16. Rfe1 Nxd4 17. Qd3 Bc5 18. a3 e4 19. Qd1 Rhf8 20. b4 Nf3+ 21.
gxf3 exf3 22. Kh1 Qh3 23. Rg1 Bd6 24. Rxg6+ Kxg6 25. Qg1+ Qg2+ 26. Qxg2+ fxg2+
27. Kxg2 Be5 28. Rd1 Bxc3 29. Rxd5 Rf5 30. Rd3 Bb2 31. a4 Ref8 32. f3 Rf4 33. c3
Rc4 {White resigns} 0-1

[Event "Team 45 45 League T36"]
[Site "Internet Chess Club"]
[Date "2008.02.24"]
[Round "5"]
[White "fantanaranja"]
[Black "Raisingthebar"]
[Result "1-0"]
[WhiteElo "1845"]
[BlackElo "1988"]
[Opening "QGD Slav: Slav gambit"]
[ECO "D15"]
[Time "12:13:19"]
[TimeControl "2700+45"]

1. d4 d5 2. Nf3 Nf6 3. c4 c6 4. Nc3 dxc4 5. e4 b5 6. Be2 Bg4 7. O-O Nbd7 8. e5
Nd5 9. Ng5 Bxe2 10. Qxe2 h6 11. Nxf7 Kxf7 12. e6+ Kg8 13. exd7 Qxd7 14. a4 e6
15. axb5 Nxc3 16. bxc3 cxb5 17. Ra6 Bd6 18. Re1 Kh7 19. Qe4+ g6 20. Bf4 Bxf4 21.
Rxe6 {Black resigns} 1-0

[Event "Team 45 45 League T36"]
[Site "Internet Chess Club"]
[Date "2008.02.23"]
[Round "5"]
[White "vvsi"]
[Black "IceBox"]
[Result "1-0"]
[WhiteElo "1836"]
[BlackElo "1694"]
[Opening "French: exchange variation"]
[ECO "C01"]
[Time "18:01:05"]
[TimeControl "2700+45"]

1. e4 e6 2. d4 d5 3. exd5 exd5 4. Nf3 Nf6 5. c4 Be7 6. Be2 dxc4 7. Bxc4 O-O 8.
O-O b6 9. Nc3 Bb7 10. d5 c6 11. dxc6 Nxc6 12. Bg5 h6 13. Bh4 Qxd1 14. Raxd1 Rad8
15. a3 Rxd1 16. Rxd1 Rd8 17. Re1 Kf8 18. h3 Nd4 19. Ne5 Rc8 20. Bxf7 Bxa3 21.
bxa3 Rxc3 22. Bc4 g5 23. Bg3 Ne4 24. Rd1 Nxg3 25. Rxd4 Ne4 26. Rd8+ Ke7 27. Rd7+
Kf6 28. Ng4+ Kf5 29. Ne3+ Ke5 30. Rxb7 Rxa3 31. Re7+ Kf4 32. g3+ Nxg3 33. Ng2+
Kf5 34. Ne3+ Kf4 35. Kg2 Nh5 36. Re6 Ng7 37. Rxh6 Ne8 38. Re6 Nc7 39. Rf6+ Ke4
40. Rf5 a6 41. Rxg5 b5 42. Rg7 Na8 {Black resigns} 1-0

[Event "Team 45 45 League T36"]
[Site "Internet Chess Club"]
[Date "2008.02.23"]
[Round "5"]
[White "Dbronstein06"]
[Black "Ziah"]
[Result "1-0"]
[WhiteElo "1712"]
[BlackElo "1580"]
[Opening "Sicilian: Najdorf, Lipnitzky attack"]
[ECO "B86"]
[Time "05:14:35"]
[TimeControl "2700+45"]

1. e4 c5 2. Nf3 d6 3. d4 cxd4 4. Nxd4 Nf6 5. Nc3 a6 6. Bc4 e6 7. Bb3 Be7 8. O-O
b5 9. Qf3 Bb7 10. Qg3 Nxe4 11. Nxe4 Bxe4 12. Qxg7 Bf6 13. Qg4 Bg6 14. Bh6 Rg8
15. Nxe6 fxe6 16. Qxe6+ Qe7 17. Qxg8+ Kd7 18. Rfe1 Be5 19. Rad1 Kc7 20. Bf4 Qf6
21. Bxe5 dxe5 22. Qd5 Nc6 23. Qd7+ Kb6 24. Rd6 Be8 25. Qxc6+ Bxc6 26. Rxf6 Rd8
27. Re6 Kc7 28. R6xe5 Kc8 29. Re7 h5 30. h3 {Black forfeits on time} 1-0

[Event "Team 45 45 League T36"]
[Site "Internet Chess Club"]
[Date "2008.02.23"]
[Round "5"]
[White "FiendAngelical"]
[Black "AVEMARIA"]
[Result "1-0"]
[WhiteElo "1888"]
[BlackElo "1755"]
[Opening "Sicilian: Taimanov (Bastrikov) variation"]
[ECO "B47"]
[Time "13:27:50"]
[TimeControl "2700+45"]

1. e4 c5 2. Nf3 e6 3. d4 cxd4 4. Nxd4 Nc6 5. Nc3 Qc7 6. g3 a6 7. Bg2 g6 8. O-O
Bg7 9. Nxc6 bxc6 10. Bf4 e5 11. Be3 Nf6 12. Bc5 Bf8 13. Bxf8 Kxf8 14. Qd2 Bb7
15. Rad1 Rd8 16. Rfe1 Kg7 17. Qg5 h6 18. Qe3 Rhe8 19. Qc5 d6 20. Qc4 Qb6 21. h3
Bc8 22. b3 Be6 23. Qd3 d5 24. exd5 Bxd5 25. Nxd5 cxd5 26. Qc3 d4 27. Qd3 Nd5 28.
Bxd5 Rxd5 29. f4 Qe6 30. Rxe5 Rxe5 31. fxe5 Qxe5 32. Qxd4 Qxd4+ 33. Rxd4 Re1+
34. Kf2 Rc1 35. Rc4 Ra1 36. a4 Rd1 37. Rc6 Rh1 38. h4 g5 39. hxg5 hxg5 40. Kf3
Rc1 41. Kg4 f6 42. Kf5 Rf1+ 43. Kg4 Rc1 44. Rxa6 Rxc2 45. Kf5 Rc3 46. b4 Rxg3
47. a5 Rf3+ 48. Ke6 g4 49. Ra7+ Kg6 50. a6 g3 51. Ra8 Re3+ 52. Kd6 Kf5 53. b5
Re6+ 54. Kc7 Re7+ 55. Kb6 Rg7 56. Rd8 g2 57. Rd1 g1=Q+ 58. Rxg1 Rxg1 59. a7 Ra1
60. Kb7 Kf4 61. a8=Q Rxa8 62. Kxa8 f5 63. b6 Kf3 64. b7 f4 65. b8=Q Kg4 66. Qb4
Kg3 67. Qd6 Kg4 68. Qg6+ Kh3 69. Qg1 f3 70. Kb7 {Black resigns} 1-0

[Event "Team 45 45 League T36"]
[Site "Internet Chess Club"]
[Date "2008.02.25"]
[Round "5"]
[White "cityprosecutor"]
[Black "siddhu"]
[Result "1-0"]
[WhiteElo "1777"]
[BlackElo "1779"]
[Opening "Petrov three knights game"]
[ECO "C42"]
[Time "12:07:56"]
[TimeControl "2700+45"]

1. e4 e5 2. Nf3 Nf6 3. Nc3 Bb4 4. a3 Bxc3 5. bxc3 d6 6. d4 Bg4 7. dxe5 Bxf3 8.
Qxf3 dxe5 9. Bg5 Nbd7 10. Bc4 h6 11. Bh4 c6 12. Rd1 Qa5 13. O-O O-O 14. Rd6 Qc5
15. Qd3 Qxa3 16. Rxd7 Nxd7 17. Qxd7 g5 18. Bg3 b5 19. Bb3 Qc5 20. Qf5 Rae8 21.
Qg6+ Kh8 22. Qxh6+ Kg8 23. Qg6+ Kh8 24. Bxf7 {Black resigns} 1-0